 Dungeon Crawl Stone Soup version 0.14-a0-1266-g856eec9 (webtiles) character file.

1076 Mitsuki the Shield-Bearer (level 7, -2/61 HPs)
             Began as a Minotaur Fighter on Dec 3, 2013.
             Killed from afar by an orc wizard (9 damage)
             ... with a magic dart
             ... on Level 6 of the Dungeon.
             The game lasted 00:36:07 (5306 turns).

Mitsuki the Shield-Bearer (Minotaur Fighter)        Turns: 5306, Time: 00:36:07

HP  -2/61        AC  8     Str 20 (22) XL: 7   Next: 81%
MP   3/3         EV  7     Int  5      God:
Gold 169         SH 21     Dex 10      Spells:  0 memorised,  6 levels left

rFire  . . .     SeeInvis .     a - +0,+1 mace
rCold  + . .     Clarity  .     b - +0 scale mail
rNeg   . . .     Conserve .     c - +0 shield
rPois  .         rCorr    .     (helmet restricted)
rElec  .         rRot     .     (no cloak)
SustAb . .       Spirit   .     (no gloves)
rMut   .         Warding  .     p - +0 pair of elf boots (curse)
Saprov . . .     Stasis   .     (no amulet)
                                (no ring)
                                q - ring of protection from cold {unknown}

@: slightly resistant to hostile enchantments, extremely unstealthy
A: retaliatory headbutt, horns 2
a: no special abilities


You were on level 6 of the Dungeon.
You were not hungry.

You visited 2 branches of the dungeon, and saw 8 of its levels.

You collected 169 gold pieces.

Inventory:

Hand weapons
 a - a +0,+1 mace (weapon)
 n - a +0,+2 spear of piercing (quivered)
Armour
 b - a +0 scale mail (worn)
 c - a +0 shield (worn)
 p - a cursed +0 pair of elven boots (worn)
Magical devices
 m - a wand of heal wounds (0)
Comestibles
 d - 2 bread rations
 u - an apple
Scrolls
 e - 4 scrolls of remove curse
 j - a scroll of blinking
 o - a scroll of identify
 t - a scroll of noise {unknown}
Jewellery
 i - an uncursed ring of magical power
 l - an uncursed amulet of resist mutation {unknown}
 q - a ring of protection from cold (left hand) {unknown}
Potions
 g - a potion of heal wounds
 h - 4 potions of curing
 k - a potion of restore abilities
 r - a potion of resistance
Books
 s - a book of Spatial Translocations

   Spells                             Type                      Level
   Apportation                        Translocation                1
   Portal Projectile                  Translocation                2
   Blink                              Translocation                2
   Shroud of Golubria                 Charms/Translocation         2
   Teleport Other                     Translocation                3
   Passage of Golubria                Translocation                4


   Skills:
 + Level 5.1 Fighting
 + Level 4.8 Maces & Flails
 + Level 6.1 Armour
 + Level 4.0 Dodging
 - Level 0.1 Stealth
 + Level 7.0 Shields


You had 6 spell levels left.
You didn't know any spells.

Dungeon Overview and Level Annotations

Branches:
Dungeon (7/16)             Temple (1/1) D:4

Altars:
Ashenzari
Cheibriados
Elyvilon
Okawaru
Sif Muna
Trog
Vehumet
Yredelemnul

Shops:
D:4 [

Annotations:
D:3 patman's ghost, weakling NaEE
D:4 Eustachio
D:6 Sigmund


Innate Abilities, Weirdness & Mutations

You reflexively headbutt those who attack you in melee.
You have a pair of horns on your head.


Message History

Two of your 6 scrolls of remove curse catch fire!
Your scroll labeled NIANAO FROJ catches fire!
The orc wizard's eyes start to glow.
The orc priest invokes the aid of Beogh against you.
Something smites you!
* * * LOW HITPOINT WARNING * * *
The orc throws a tomahawk.
The tomahawk hits something.
The orc wizard gestures wildly while chanting.
You feel a wave of unholy energy pass over you.
Read which item? (? for menu, Esc to quit)
Okay, then.
Evoke which item? (* to show all) (? for menu, Esc to quit)
Zapping:
m - a wand of heal wounds {zapped: 1}
Press: ? - help, Shift-Dir - straight line, f - you Nothing appears to happen.
The orc wizard looks braver.
The orc throws a tomahawk.
The tomahawk hits you!
* * * LOW HITPOINT WARNING * * *
The magic dart hits you!
You die...

#..#
#########..#########
....................
...........<......@.
##.............>....
#..################
#..# #..# #.@# #.(#
#######..#
.........##########
.......o(..........
#######...........
#o.o######## #...#
#.oo#


You could see an orc wizard and 2 orcs.

Vanquished Creatures
  2 centaurs
  A phantom (D:5)
  2 giant frogs (D:6)
  Blork the orc (D:4)
  2 crimson imps
  A jelly (D:5)
  2 hounds
  An iguana (D:7)
  A scorpion (D:5)
  3 worker ants
  A hound zombie (D:5)
  A green rat (D:4)
  4 adders
  A giant mite (D:1)
  4 worms
  4 giant geckos
  2 oozes
  5 orcs
  A bat skeleton (D:4)
  5 giant cockroaches
  9 hobgoblins
  2 jackals (D:5)
  10 kobolds
  3 quokkas (D:3)
  15 bats
  A giant gecko skeleton (D:5)
  3 giant newts
  15 goblins
  A hobgoblin skeleton (D:3)
  A kobold skeleton (D:4)
  An orc skeleton (D:5)
  9 rats
  3 toadstools (D:1)
117 creatures vanquished.

Vanquished Creatures (others)
  A toadstool (D:1)
1 creature vanquished.

Grand Total: 118 creatures vanquished

Notes
Turn   | Place    | Note
--------------------------------------------------------------
     0 | D:1      | Mitsuki, the Minotaur Fighter, began the quest for the Orb.
     0 | D:1      | Reached XP level 1. HP: 19/19 MP: 1/1
   127 | D:1      | Reached XP level 2. HP: 25/27 MP: 1/1
   236 | D:1      | Reached skill level 4 in Shields
   718 | D:2      | Reached XP level 3. HP: 25/33 MP: 2/2
  1224 | D:2      | Reached skill level 1 in Dodging
  1452 | D:2      | Reached XP level 4. HP: 40/40 MP: 2/2
  1514 | D:3      | Noticed patman's ghost (weakling NaEE)
  2350 | D:4      | Reached skill level 5 in Shields
  2368 | D:4      | Found a snail-covered altar of Cheibriados.
  2374 | D:4      | Noticed Blork the orc
  2389 | D:4      | HP: 2/40 [Blork the orc/orcish great mace (6)]
  2390 | D:4      | Killed Blork the orc
  2390 | D:4      | Reached XP level 5. HP: 2/47 MP: 2/2
  2757 | D:4      | Found Claukik's Antique Armour Shop.
  2761 | D:4      | Noticed Eustachio
  3254 | D:5      | Entered Level 5 of the Dungeon
  3356 | D:5      | Reached XP level 6. HP: 49/53 MP: 3/3
  3414 | D:5      | Reached skill level 5 in Armour
  3554 | D:6      | Noticed Sigmund
  3714 | D:7      | Noticed a polar bear
  3714 | D:7      | Noticed a hippogriff
  3714 | D:7      | Noticed a polar bear
  3716 | D:7      | Noticed a grizzly bear
  3716 | D:7      | Noticed a grizzly bear
  3743 | D:7      | Noticed a polar bear
  3743 | D:7      | Noticed a wolf
  3743 | D:7      | Noticed a grizzly bear
  3743 | D:7      | Noticed a griffon
  3743 | D:7      | Noticed a grizzly bear
  3743 | D:7      | Noticed a polar bear
  3743 | D:7      | Noticed a wolf
  3743 | D:7      | Noticed a yak
  3744 | D:7      | Noticed a polar bear
  3791 | D:7      | Reached skill level 6 in Shields
  3811 | D:7      | Reached XP level 7. HP: 49/60 MP: 3/3
  3891 | D:5      | Noticed a phantom
  3919 | D:5      | Killed a phantom
  4108 | D:5      | Noticed a centaur
  4116 | D:5      | Killed a centaur
  4116 | D:5      | Reached skill level 5 in Fighting
  4482 | D:4      | Found a staircase to the Ecumenical Temple.
  4506 | Temple   | Entered the Ecumenical Temple
  5210 | D:6      | Reached skill level 7 in Shields
  5306 | D:6      | Killed from afar by an orc wizard

Action                   |  1- 3 |  4- 6 |  7- 9 || total
-------------------------+-------+-------+-------++-------
Melee: Mace              |    95 |   206 |    62 ||   363
Evoke: Wand              |     1 |       |       ||     1
  Use: Potion            |     5 |     5 |     2 ||    12
       Scroll            |     4 |     8 |       ||    12
